 Dungeon Crawl Stone Soup version 0.26-a0-154-g3d63440f56 (webtiles) character file.

Game seed: 16762229918264611108

9690 Gargoyl the Envoy of Void (level 11, -6/90 HPs)
             Began as a Centaur Abyssal Knight on July 1, 2020.
             Was a High Priest of Lugonu.
             Mangled by a spatial vortex (14 damage)
             ... summoned by a spatial maelstrom
             ... summoned by Lugonu's corruption
             ... in a volcano.
             The game lasted 00:18:36 (16983 turns).

Gargoyl the Envoy of Void (Centaur Abyssal Knight) Turns: 16983, Time: 00:18:37

Health: -6/90      AC:  4    Str: 16    XL:     11   Next: 26%
Magic:  9/16       EV: 10    Int: 11    God:    Lugonu [*****.]
Gold:   731        SH:  9    Dex: 11    Spells: 10/10 levels left

rFire    + . .     SeeInvis .   B - +8 trident of the Octopus King {venom, rElec rPois MR+}
rCold    + . .     Faith    .   x - +1 kite shield
rNeg     . . .     Spirit   .   y - +3 leather armour {rC+}
rPois    +         Reflect  .   D - +2 helmet
rElec    +         Harm     .   e - scarf {+Inv}
rCorr    .                      G - +0 pair of gloves
MR       +....                  (no barding)
Stlth    +.........             (no amulet)
HPRegen  0.25/turn              i - +4 ring of protection
MPRegen  0.15/turn              t - ring of protection from fire

@: weakened, corroded, very quick
A: large, hooves 3, deformed body, speed 2, tough skin 3
a: Depart the Abyss, Bend Space, Banish, Corrupt, Enter the Abyss, Renounce
Religion, Evoke Invisibility


You were in a volcano.
You worshipped Lugonu.
Lugonu was extremely pleased with you.
You were not hungry.

You visited 2 branches of the dungeon, and saw 11 of its levels.
You visited the Abyss 1 time.
You also visited: Sewer, Ossuary and Volcano.

You collected 731 gold pieces.

Inventory:

Hand Weapons
 a - a +2 hand axe
 A - a +3 war axe of electrocution
 B - the +8 trident of the Octopus King (weapon) {venom, rElec rPois MR+}
   (You found it on level 8 of the Dungeon)

   It poisons the flesh of those it strikes.
   It insulates you from electricity.
   It protects you from poison.
   It affects your resistance to hostile enchantments.
Missiles
 d - 11 javelins (quivered)
 w - 19 boomerangs
Armour
 e - a scarf of invisibility (worn)
 x - a +1 kite shield (worn)
 y - a +3 leather armour of cold resistance (worn)
 D - a +2 helmet (worn)
 G - a +0 pair of gloves (worn)
Jewellery
 i - a +4 ring of protection (left hand)
 t - a ring of protection from fire (right hand)
 I - an uncursed ring of positive energy
Wands
 p - a wand of iceblast (10)
 u - a wand of polymorph (22)
 C - a wand of paralysis (6)
Scrolls
 f - 5 scrolls of remove curse
 g - a scroll of amnesia {unknown}
 l - a scroll of identify
 r - 4 scrolls of teleportation
 z - a scroll of blinking
Potions
 b - 6 potions of flight
 h - 3 potions of curing
 j - a potion of stabbing
 k - a potion of lignification
 m - 4 potions of heal wounds
 n - 4 potions of ambrosia
 q - 2 potions of might
 s - 2 potions of berserk rage {unknown}
 v - 3 potions of brilliance
Comestibles
 c - 25 rations


   Skills:
 + Level 6.3 Fighting
 + Level 6.9(7.7) Axes
 + Level 4.9(6.7) Polearms
 * Level 6.4 Armour
 * Level 6.3 Dodging
 + Level 2.4 Shields
 * Level 7.9 Invocations
 + Level 0.2 Evocations


You had 10 spell levels left.
You didn't know any spells.
Your spell library contained the following spells:

 Spells                   Type           Power        Failure   Level  Hunger
 Sandblast                Erth           #.....       86%         1    ##.....
 Passwall                 Tmut/Erth      #.......     95%         2    ###....
 Confusing Touch          Hex            #.......     99%         3    ####...
 Gell's Gravitas          Tloc           #.........   99%         3    ####...
 Stone Arrow              Conj/Erth      #.....       99%         3    ####...
 Petrify                  Tmut/Erth      #.......     100%        4    #####..
 Lee's Rapid Deconstruct  Erth           #.........   100%        5    ######.
 Metabolic Englaciation   Hex/Ice        #.........   100%        5    ######.
 Yara's Violent Unravell  Hex/Tmut       #.........   100%        5    ######.


Dungeon Overview and Level Annotations

Branches:
Dungeon (10/15)            Temple (0/1) D:7            Lair (1/6) D:9
    Orc (0/2) D:10          Sewer (visited)         Ossuary (visited)
Volcano (1/1)

Altars:
Elyvilon
Fedhas
Okawaru
Sif Muna
Trog
Wu Jian
Xom
Zin

Shops:
D:10 :

Annotations:
Volcano corrupted


Innate Abilities, Weirdness & Mutations

You have hooves in place of feet.
Armour fits poorly on your strangely shaped body.
You cover ground very quickly.
You have extremely tough skin. (AC +3)


Message History

The lich is engulfed in blazing flames.
The spatial vortex moves out of view.
Found a phantom mirror.
The lich is engulfed in blazing flames.
The orange demon stings you. The orange demon hits you.
The spatial vortex is engulfed in blazing flames.
The small abomination is engulfed in blazing flames. x2
The small abomination is destroyed!
A spatial vortex comes into view.
The spatial maelstrom is devoured by a tear in reality.
A spatial vortex comes into view.
You block the orange demon's attack. The orange demon hits you.
You feel your attacks grow feeble. The small abomination hits you.
Space bends around you!
You blink.
The spatial vortex barely misses you. The orange demon stings you!
You block the orange demon's attack.
Found a morningstar.
The spatial vortex hits you!!
* * * LOW HITPOINT WARNING * * *
Space warps horribly around you!
You die...

#### .#5## # ≈≈≈≈ #
DXW!)#. §≈≈≈≈.. #5
R5h%∩# §§≈≈.. #L#
3v)x## ≈§≈..
#hv###X#..## ≈≈..#
#.Xx#vx3G.# ≈≈..###
#≈#.X3@v3.#
≈....8#####.LR44##≈#..#
≈.......'.##v3x§#○##
.....8##..≈v§33##☼#
...#### ..##≈sX.☼☼#
#### #.#..X.○### #
#.≈###.○○≈# #..≈≈≈.####
..####.○≈≈#


You could see a neutral bone dragon (summoned, wandering), a neutral starcursed
mass (summoned, wandering), 2 neutral tentacled starspawn, a neutral lich
(summoned, wandering, fast), a neutral rakshasa (summoned, wandering), a neutral
demonic crawler (summoned, wandering), a neutral glowing orange brain (summoned,
wandering), 2 neutral sun demons, 5 neutral spatial vortices, 2 neutral orange
demons, a neutral thrashing horror (summoned), 2 neutral large abominations, a
neutral worldbinder (summoned, wandering), a neutral smoke demon (summoned,
wandering), a neutral efreet (summoned, wandering), a neutral raiju (summoned,
wandering), 2 neutral neqoxecs, 2 neutral ynoxinuls, a neutral wraith (summoned,
wandering), a neutral hell hound (summoned, wandering), 3 neutral small
abominations, a neutral insubstantial wisp (summoned, wandering) and 2 neutral
quasits.

Vanquished Creatures
  A centaur warrior (D:10)
  A hydra (Lair:1)
  Maurice (D:9)
  3 trolls
  Grinder (D:6)
  2 hippogriffs
  A human (D:10)
  3 hogs (D:10)
  A yak (D:10)
  4 fire bats (Volcano)
  A fire elemental (Volcano)
  Eustachio (D:6)
  4 water moccasins
  Purgy (Sewer)
  2 orc warriors (D:9)
  A porcupine (Lair:1)
  2 sky beasts
  A black bear (D:9)
  A necrophage (D:7)
  2 ogres
  2 centaurs
  A spectral wyvern (D:6)
  A big kobold (D:9)
  7 bullfrogs
  A gnoll sergeant (D:7)
  7 water moccasin zombies (Ossuary)
  2 water moccasin skeletons
  2 scorpions (D:9)
  4 howler monkeys
  4 crimson imps
  7 lava snakes (Volcano)
  3 quasits
  A bullfrog zombie (D:5)
  3 hounds
  A centaur skeleton (D:10)
  A centaur zombie (D:9)
  5 orc priests
  8 orc wizards
  Ijyb (D:3)
  An iguana (D:10)
  8 worker ants
  3 big kobold zombies (Ossuary)
  A spectral hound (D:6)
  2 mummies (Ossuary)
  A howler monkey zombie (D:5)
  A howler monkey skeleton (D:6)
  7 adders
  7 gnolls
  7 shadow imps
  A spectral adder (D:6)
  2 adder zombies (Ossuary)
  A worm (D:2)
  4 dart slugs
  8 leopard geckos
  35 orcs
  17 bats
  9 giant cockroaches
  10 goblins
  10 hobgoblins
  16 jackals
  17 kobolds
  5 quokkas
  5 frilled lizards
  2 gnoll zombies (Ossuary)
  8 hobgoblin zombies (Ossuary)
  A jackal zombie (D:5)
  3 kobold zombies (Ossuary)
  A leopard gecko zombie (D:7)
  8 orc zombies (Ossuary)
  7 rats
303 creatures vanquished.

Vanquished Creatures (others)
  A stone giant (Volcano)
  An obsidian statue (Volcano)
  The ghost of Gall2222 the Ruffian, a novice TrMo (D:6)
  A gargoyle (Volcano)
  An efreet (Volcano)
  A hornet (D:7)
  2 orc warriors
  A starspawn tentacle (Volcano)
9 creatures vanquished.

Grand Total: 312 creatures vanquished

Notes
Turn   | Place    | Note
-------+----------+-------------------------------------------
     0 | Abyss:1  | Gargoyl the Centaur Abyssal Knight began the quest for the
                  | Orb.
     0 | Abyss:1  | Reached XP level 1. HP: 19/19 MP: 2/2
    50 | Abyss:2  | Noticed a large abomination
    72 | Abyss:2  | Noticed an ancient zyme
    78 | D:1      | Escaped the Abyss
   261 | D:1      | Reached * piety under Lugonu
   261 | D:1      | Reached XP level 2. HP: 24/26 MP: 3/3
   565 | D:1      | Reached skill level 1 in Dodging
   749 | D:1      | Reached XP level 3. HP: 27/31 MP: 4/4
  1202 | D:2      | Reached ** piety under Lugonu
  1336 | D:2      | Reached XP level 4. HP: 32/38 MP: 6/6
  1991 | D:3      | Reached *** piety under Lugonu
  2155 | D:3      | Found a glowing drain.
  2162 | Sewer    | Entered a sewer
  2167 | Sewer    | Reached skill level 3 in Invocations
  2237 | Sewer    | Noticed Purgy
  2253 | Sewer    | Killed Purgy
  2253 | Sewer    | Reached XP level 5. HP: 27/46 MP: 7/7
  2597 | D:3      | Found a white marble altar of Elyvilon.
  2725 | D:3      | Noticed Ijyb
  2744 | D:3      | Killed Ijyb
  2886 | D:4      | Reached XP level 6. HP: 37/52 MP: 8/8
  3107 | D:4      | Found a blossoming altar of Fedhas.
  3110 | D:4      | Found a shimmering blue altar of Sif Muna.
  3120 | D:4      | Found a glowing silver altar of Zin.
  3298 | D:4      | Found an ornate altar of the Wu Jian Council.
  4242 | D:4      | Reached **** piety under Lugonu
  4799 | D:5      | Entered Level 5 of the Dungeon
  4799 | D:5      | Noticed a sky beast
  4823 | D:4      | Killed a sky beast
  4823 | D:4      | Reached XP level 7. HP: 25/59 MP: 9/9
  5267 | D:5      | Found a blossoming altar of Fedhas.
  5447 | D:5      | Reached skill level 4 in Invocations
  5488 | D:5      | HP: 2/59 [poisoned by an adder]
  5496 | D:5      | HP: 2/59 [poisoned by an adder]
  6476 | D:5      | Reached XP level 8. HP: 67/67 MP: 11/11
  7540 | D:6      | Found a sand-covered staircase.
  7546 | Ossuary  | Entered an ossuary
  7598 | Ossuary  | Reached skill level 5 in Axes
  7688 | Ossuary  | Reached ***** piety under Lugonu
  7903 | Ossuary  | Reached skill level 5 in Invocations
  8400 | D:6      | Noticed Grinder
  8414 | D:6      | Paralysed by Grinder for 6 turns
  8422 | D:6      | Killed Grinder
  8422 | D:6      | Reached skill level 5 in Fighting
  8422 | D:6      | Reached skill level 5 in Armour
  8422 | D:6      | Reached XP level 9. HP: 38/74 MP: 12/12
  8625 | D:6      | Noticed Eustachio
  8691 | D:6      | Killed Eustachio
  9004 | D:6      | Found a runed translucent gate.
  9004 | D:6      | Found a runed translucent gate.
  9004 | D:6      | Found a runed translucent gate.
  9255 | D:6      | Noticed Gall2222's ghost (novice TrMo)
  9383 | D:6      | Banished Gall2222's ghost
 10058 | D:7      | Found an iron altar of Okawaru.
 10225 | D:7      | Paralysed by a hornet for 1 turns
 10316 | D:7      | Found a staircase to the Ecumenical Temple.
 10349 | D:7      | Found a shimmering altar of Xom.
 10357 | D:7      | Reached skill level 6 in Invocations
 12259 | D:8      | Found the +8 trident of the Octopus King {venom, rElec
                  | rPois MR+}
 12423 | D:9      | Reached skill level 5 in Dodging
 12423 | D:9      | Reached XP level 10. HP: 73/82 MP: 14/14
 12787 | D:9      | Reached skill level 1 in Polearms
 13691 | D:9      | Reached skill level 1 in Shields
 13843 | D:9      | Reached skill level 7 in Invocations
 14262 | D:9      | Found a staircase to the Lair.
 14262 | D:9      | Noticed Maurice
 14270 | D:9      | Killed Maurice
 14613 | D:10     | Entered Level 10 of the Dungeon
 14736 | D:10     | Found Aleidiqu's Book Shop.
 14864 | D:10     | Found a staircase to the Orcish Mines.
 14983 | D:10     | Found a bloodstained altar of Trog.
 15068 | D:10     | Noticed a centaur warrior
 15077 | D:10     | Killed a centaur warrior
 15658 | Lair:1   | Entered Level 1 of the Lair of Beasts
 15661 | Lair:1   | Reached XP level 11. HP: 88/88 MP: 16/16
 15775 | Lair:1   | Found a dark tunnel.
 16180 | Lair:1   | Noticed a six-headed hydra
 16190 | Lair:1   | Killed a six-headed hydra
 16419 | Volcano  | Entered a volcano
 16960 | Volcano  | Noticed an obsidian statue
 16970 | Volcano  | Corrupted Volcano
 16970 | Volcano  | Noticed a sun demon
 16970 | Volcano  | Noticed a lich
 16973 | Volcano  | Killed a stone giant
 16977 | Volcano  | Noticed a spatial maelstrom
 16977 | Volcano  | Killed an obsidian statue
 16977 | Volcano  | Noticed a tentacled starspawn
 16978 | Volcano  | Noticed a starcursed mass
 16978 | Volcano  | Found a burning altar of Makhleb.
 16979 | Volcano  | Noticed a tentacled starspawn
 16979 | Volcano  | Noticed a sun demon
 16979 | Volcano  | Noticed a lich
 16982 | Volcano  | Noticed a bone dragon
 16982 | Volcano  | Noticed a rakshasa
 16982 | Volcano  | Noticed a glowing orange brain
 16983 | Volcano  | Noticed a thrashing horror
 16983 | Volcano  | Mangled by a spatial vortex

Illustrated notes

Levels and vault maps discovered:
D:1:      saegor_arrival_simple_c, layout_loops_ring, hex_medium
D:2:      layout_loops_ring
D:3:      layout_rooms, gup_sewer_entry_pipe, first_ration, elyvilon_altar_5,
          uniq_ijyb
D:4:      layout_loops_cross, grunt_temple_overflow_cloverleaf,
          lemuel_flame_loot_1
D:5:      layout_gridville, fedhas_bush_and_centaur_altar
D:6:      layout_basic, gammafunk_ghost_necromancy, enter_ossuary_3,
          uniq_grinder, uniq_eustachio
D:7:      layout_gridville, okawaru_trees_1, kennysheep_mini,
          lemuel_temple_firewalk_b
D:8:      layout_basic
D:9:      layout_basic, lair_entry_dummy, uniq_maurice
D:10:     layout_rooms, orc_0_dummy, basic_altar, serial_shops,
          nicolae_shop_temple_entry_statues_fountains, grunt_livestock,
          hangedman_decor_clover_reticule
Lair:1:   layout_cave_pods, nicolae_volcano_entry_lava_flow
Volcano:  volcano_grotto [vgs_trial_by_fire]

Skill      XL: |  1  2  3  4  5  6  7  8  9 10 |
---------------+-------------------------------+-----
Axes           | 2 3 4 6 |  6.9
Dodging        | 1 2 3 5 6 |  6.3
Armour         | 2 3 4 5 6 |  6.4
Invocations    | 3 4 5 6 7 |  7.9
Fighting       | 4 5 6 |  6.3
Polearms       | 4 |  4.9
Shields        | 2 |  2.4
Evocations     | |  0.2

Action                   |  1- 3 |  4- 6 |  7- 9 | 10-12 || total
-------------------------+-------+-------+-------+-------++-------
Melee: Hand axe          |   109 |   254 |   621 |       ||   984
       Kick              |    15 |    41 |   167 |    57 ||   280
       Unarmed           |       |     9 |       |       ||     9
       Trident           |       |       |    16 |   252 ||   268
       War axe           |       |       |     2 |       ||     2
Invok: Depart the Abyss  |     1 |       |       |       ||     1
       Banish            |       |       |     6 |       ||     6
       Bend Space        |       |       |       |     2 ||     2
       Corrupt           |       |       |       |     1 ||     1
Evoke: Wand              |       |     2 |     3 |     2 ||     7
  Use: Scroll            |     1 |     7 |    12 |     7 ||    27
       Potion            |       |     1 |       |     1 ||     2
 Stab: Distracted        |       |     1 |       |       ||     1
  Eat: Chunk             |     1 |     8 |    16 |     7 ||    32
       Ration            |       |       |     3 |     2 ||     5
Armor: Chain mail        |    91 |   311 |   424 |       ||   826
       Skin              |       |     1 |       |       ||     1
       Leather armour    |       |       |    98 |   132 ||   230
Dodge: Dodged            |    29 |   102 |   298 |   132 ||   561
Block: Kite shield       |       |       |    18 |   122 ||   140

Table legend:
 A = Non-vault XP
 B = Vault XP
 C = Vault XP percentage of total XP
 D = Non-vault monster count
 E = Vault monster count
 F = Vault count percentage of total count
                 A         B        C        D         E       F
            +---------+---------+-------+---------+---------+-------
      Total |    8978 |    4865 |  35.1 |     232 |      75 |  24.4
            +---------+---------+-------+---------+---------+-------
        D:1 |      42 |       0 |   0.0 |      23 |       0 |   0.0
        D:2 |      79 |       0 |   0.0 |      30 |       0 |   0.0
        D:3 |      87 |      54 |  38.3 |      25 |       8 |  24.2
        D:4 |     563 |       0 |   0.0 |      24 |       0 |   0.0
        D:5 |     477 |     108 |  18.5 |      31 |       1 |   3.1
        D:6 |     344 |    1101 |  76.2 |       9 |       7 |  43.8
        D:7 |    1564 |       0 |   0.0 |      24 |       0 |   0.0
        D:8 |     396 |       0 |   0.0 |       7 |       0 |   0.0
        D:9 |    2515 |     422 |  14.4 |      44 |       1 |   2.2
       D:10 |    1309 |    1017 |  43.7 |       9 |       5 |  35.7
     Lair:1 |    1602 |       0 |   0.0 |       6 |       0 |   0.0
      Sewer |       0 |     143 | 100.0 |       0 |       6 | 100.0
    Ossuary |       0 |     697 | 100.0 |       0 |      35 | 100.0
    Volcano |       0 |    1323 | 100.0 |       0 |      12 | 100.0
            +---------+---------+-------+---------+---------+-------
